 Dungeon Crawl Stone Soup version 0.28-a0-984-g3775c662fe (webtiles) character file.

Game seed: 9442183095771425222

1558 dracfodder the Geomancer (level 8, -3/44 HPs)
             Began as a Gargoyle Earth Elementalist on Dec 3, 2021.
             Engulfed by a cloud of steam (10 damage)
             ... on level 4 of the Dungeon.
             The game lasted 00:46:29 (7763 turns).

dracfodder the Geomancer (GrEE)                     Turns: 7763, Time: 00:46:29

Health: -3/44      AC:  8    Str: 19    XL:     8   Next: 89%
Magic:  2/16       EV: 12    Int: 17    God:
Gold:   159        SH:  0    Dex: 10    Spells: 8/18 levels left

rFire   . . .      SeeInvis .   B - +3 war axe
rCold   . . .      Faith    .   (no shield)
rNeg    + . .      Spirit   .   b - +0 robe
rPois   ∞          Reflect  .   (no helmet)
rElec   +          Harm     .   (no cloak)
rCorr   .          Rampage  .   (no gloves)
Will    .....                   i - +0 pair of boots
Stlth   ++........              (no amulet)
HPRegen 0.14/turn               n - +6 ring of strength
MPRegen 0.15/turn               (no ring)

@: no status effects
A: sickness immunity, AC +5, negative energy resistance 1, electricity
resistance, torment resistance 1, petrification resistance
a: no special abilities


You were on level 4 of the Dungeon.
You visited 1 branch of the dungeon, and saw 8 of its levels.
You also visited: Sewer and Ossuary.

You collected 159 gold pieces.

Inventory:

Hand Weapons
 a - a +0 dagger of flaming
 p - a +1 dagger of venom
 B - a +3 war axe (weapon)
Missiles
 g - 74 arrows
 h - 23 sling bullets
 j - 33 bolts
 k - 93 stones
 o - 16 poisoned darts
 A - 4 boomerangs
Armour
 b - a +0 robe (worn)
 i - a +0 pair of boots (worn)
Jewellery
 c - a ring of protection from fire
 d - a ring of ice
 n - a +6 ring of strength (left hand)
Scrolls
 e - a scroll of fear
 q - a scroll of fog
 r - a scroll of teleportation {unknown}
 s - 2 scrolls of enchant armour {unknown}
 y - a scroll of brand weapon
Potions
 f - 4 potions of curing
 l - a potion of might
 m - 3 potions of lignification
 t - 6 potions of heal wounds
 u - a potion of magic
 v - a potion of invisibility
 w - 2 potions of haste {unknown}
 x - 2 potions of berserk rage {unknown}
 z - 2 potions of cancellation {unknown}


   Skills:
 + Level 2.0 Fighting
 + Level 1.2 Short Blades
 + Level 1.9 Axes
 + Level 1.3 Throwing
 + Level 2.4 Dodging
 + Level 4.7 Stealth
 + Level 0.4 Unarmed Combat
 + Level 5.5 Spellcasting
 + Level 3.4 Conjurations
 + Level 0.7 Transmutations
 + Level 8.0 Earth Magic


You had 8 spell levels left.
You knew the following spells:

 Your Spells              Type           Power      Damage    Failure   Level
a - Sandblast             Erth           64%        2d14      1%          1
b - Stone Arrow           Conj/Erth      48%        3d10      3%          3
c - Passwall              Tmut/Erth      15%        N/A       3%          2
d - Petrify               Tmut/Erth      19%        N/A       22%         4

Your spell library contained the following spells:

 Spells                   Type           Power      Damage    Failure   Level
 Static Discharge         Conj/Air       10%        N/A       10%         2
 Dazzling Flash           Conj/Hex       20%        N/A       21%         3
 Sticky Flame             Conj/Fire      10%        2d3       54%         4
 Borgnjor's Vile Clutch   Necr/Erth      9%         N/A       56%         5
 Dispel Undead            Necr           4%         3d7       80%         4
 Alistair's Intoxication  Tmut/Pois      4%         N/A       97%         5
 Agony                    Necr           4%         N/A       98%         5
 Silence                  Hex/Air        2%         N/A       98%         5
 Eringya's Noxious Bog    Tmut/Pois      3%         N/A       100%        6


Dungeon Overview and Level Annotations

Branches:
Dungeon (8/15)             Temple (0/1) D:4           Sewer (visited)
Ossuary (visited)
   Lair: D:8-11

Altars:
Gozag
Vehumet


Innate Abilities, Weirdness & Mutations

You are immune to sickness and miasma.
Your stone body is resilient. (AC +5)
You are immune to poison.
You resist negative energy. (rN+)
You are resistant to electric shocks. (rElec)
You are resistant to unholy torment.
You are immune to petrification.


Message History

Aiming: Stone Arrow (dangerous; 4% risk of failure)
Press: ? - help, Q - select action, (/) - cycle Shift-Dir - straight line, f - steam dragon
Aim: a steam dragon (71% to hit)
The stone arrow misses the steam dragon.
The steam dragon breathes steam at you. The ball of steam misses you.
Aiming: Stone Arrow (dangerous; 4% risk of failure)
Press: ? - help, Q - select action, (/) - cycle Shift-Dir - straight line, f/p - steam dragon
Aim: a steam dragon (catching its breath, 71% to hit)
The stone arrow hits the steam dragon!
The steam dragon is moderately wounded.
You are engulfed in a cloud of scalding steam.
The steam dragon bites you. The steam dragon claws you.
Aiming: Stone Arrow (dangerous; 4% risk of failure)
Press: ? - help, Q - select action, (/) - cycle Shift-Dir - straight line, f/p - steam dragon
Aim: a steam dragon (moderately wounded, catching its breath, 71% to hit)
The stone arrow hits the steam dragon!
The steam dragon is severely wounded.
You are engulfed in a cloud of scalding steam.
The steam dragon barely misses you. x2
Aiming: Stone Arrow (dangerous; 4% risk of failure)
Press: ? - help, Q - select action, (/) - cycle Shift-Dir - straight line, f/p - steam dragon
Aim: a steam dragon (severely wounded, 71% to hit)
The stone arrow hits the steam dragon.
The steam dragon is almost dead.
You are engulfed in a cloud of scalding steam.
The steam dragon breathes steam at you. The ball of steam hits you!
* * * LOW HITPOINT WARNING * * *
Aiming: Stone Arrow (dangerous; 4% risk of failure)
Press: ? - help, Q - select action, (/) - cycle Shift-Dir - straight line, f/p - steam dragon
Aim: a steam dragon (almost dead, catching its breath, 71% to hit)
The stone arrow hits the steam dragon!
You kill the steam dragon!
The steam dragon scales are intact enough to wear.
You are engulfed in a cloud of scalding steam.
* * * LOW HITPOINT WARNING * * *
Your Fighting skill increases to level 2!
You are engulfed in a cloud of scalding steam.
You die...

#.# #.# #### #.# #.# #...
#.# #.# #... #.# #.####
#... #.# #....# #... #.#
#....####... #.#
######...........
#.######>..).[..........
#......@§[..#....####...
#.######.##.#.#+## ####
###### #.##.#.#.# #####
#.###.#..#.#.# #....
#..........#.# #....
#.##..#.####.####....
####.##..#.##......'....
##..†.....#.##.#.####....
#........................


There were no monsters in sight!

Vanquished Creatures
  Prince Ribbit (D:7)
  A steam dragon (D:4)
  A necrophage (D:5)
  2 ice beasts
  An ogre (D:6)
  4 water moccasin zombies (Ossuary)
  A howler monkey (D:7)
  A jelly (D:4)
  4 hounds
  A bullfrog skeleton (D:5)
  A gnoll shaman (D:4)
  An iguana (D:4)
  An orc wizard (D:5)
  A hound skeleton (D:4)
  3 mummies
  2 gnolls
  6 adders
  2 river rats (D:4)
  3 white imps
  3 ufetubi
  4 adder zombies (Ossuary)
  4 worms
  3 dart slugs
  7 orcs
  5 endoplasms
  4 giant cockroaches
  4 gnoll zombies (Ossuary)
  4 goblins
  9 hobgoblins
  15 jackals
  2 quokkas
  12 ball pythons
  13 bats
  11 frilled lizards
  3 hobgoblin zombies (Ossuary)
  8 kobolds
  3 kobold zombies (Ossuary)
  4 orc zombies (Ossuary)
  5 rats
160 creatures vanquished.

Vanquished Creatures (others)
  17 plants (Sewer)
17 creatures vanquished.

Grand Total: 177 creatures vanquished

Notes
Turn   | Place    | Note
-------+----------+-------------------------------------------
     0 | D:1      | dracfodder the Gargoyle Earth Elementalist began the quest
                  | for the Orb.
     0 | D:1      | Reached XP level 1. HP: 10/10 MP: 3/3
   236 | D:1      | Reached skill level 4 in Earth Magic
   271 | D:2      | Reached XP level 2. HP: 15/15 MP: 0/5
   692 | D:1      | Found a faded altar of an unknown god.
   733 | D:1      | Reached XP level 3. HP: 19/19 MP: 3/6
  1342 | D:2      | Reached skill level 5 in Earth Magic
  1342 | D:2      | Reached XP level 4. HP: 24/24 MP: 3/7
  1600 | D:2      | Learned a level 3 spell: Stone Arrow
  1603 | D:2      | Learned a level 2 spell: Passwall
  2898 | D:3      | Reached XP level 5. HP: 28/28 MP: 2/9
  2966 | D:3      | Learned a level 4 spell: Petrify
  2979 | D:3      | Found an opulent altar of Gozag.
  3220 | D:4      | Found a radiant altar of Vehumet.
  3320 | D:4      | Found a glowing drain.
  3365 | Sewer    | Entered a sewer
  4236 | D:5      | Entered Level 5 of the Dungeon
  4264 | D:5      | Noticed a necrophage
  4270 | D:5      | Killed a necrophage
  4271 | D:5      | Reached skill level 1 in Conjurations
  4271 | D:5      | Reached XP level 6. HP: 28/32 MP: 6/11
  4305 | D:5      | Found a sand-covered staircase.
  4312 | D:5      | Reached skill level 6 in Earth Magic
  4391 | Ossuary  | Entered an ossuary
  4607 | Ossuary  | Reached skill level 1 in Short Blades
  4823 | Ossuary  | Reached XP level 7. HP: 35/36 MP: 9/13
  5427 | D:4      | Reached skill level 7 in Earth Magic
  6399 | D:4      | Found a staircase to the Ecumenical Temple.
  6659 | D:4      | You fall into a shaft and drop 3 floors!
  6749 | D:8      | Noticed a yak
  6749 | D:8      | Noticed a yak
  6865 | D:7      | Noticed Prince Ribbit
  6875 | D:7      | Killed Prince Ribbit
  6876 | D:7      | Reached skill level 1 in Fighting
  6876 | D:7      | Reached skill level 1 in Throwing
  6876 | D:7      | Reached skill level 5 in Spellcasting
  6876 | D:7      | Reached XP level 8. HP: 9/43 MP: 0/15
  7163 | D:7      | Noticed a cyclops
  7281 | D:5      | Reached skill level 1 in Axes
  7715 | D:4      | Reached skill level 8 in Earth Magic
  7763 | D:4      | Engulfed by a cloud of steam

Illustrated notes

Levels and vault maps discovered:
D:1:      psy_arrival_fountain, layout_loops_ring,
          nicolae_ecumenical_snake_handling
D:2:      layout_basic
D:3:      layout_rooms, mainiacjoe_overflow_24_doors
D:4:      layout_basic, vehumet_crystals, temple_doors_ab, portal_sewer_entry_c
D:5:      layout_cave_pools, kennysheep_mini_moat, gup_ossuary_entry_pyramid,
          minmay_ruined_shrine
D:6:      layout_loops_ring, serial_shops, nicolae_shop_advertising_works
          [nicolae_subvault_shop_adworks], chequers_serial_rivers_room_a,
          uniq_crazy_yiuf_cottage
D:7:      layout_basic, hex_medium, uniq_prince_ribbit1, uniq_maggie,
          uniq_duvessa, uniq_pikel
D:8:      layout_basic, nicolae_overflow_hidden_temple, minmay_fire_ice_demons,
          uniq_joseph

Skill      XL: |  1  2  3  4  5  6  7  8 |
---------------+-------------------------+-----
Earth Magic    | 4 5 6 7 8 |  8.0
Spellcasting   | 3 4 5 |  5.5
Conjurations   | 1 2 3 |  3.4
Dodging        | 2 |  2.4
Short Blades   | 1 |  1.2
Stealth        | 3 4 |  4.7
Fighting       | 1 2 |  2.0
Throwing       | 1 |  1.3
Axes           | 1 |  1.9
Unarmed Combat | |  0.4
Transmutations | |  0.7

Action                   |  1- 3 |  4- 6 |  7- 9 || total
-------------------------+-------+-------+-------++-------
Melee: Unarmed           |     5 |       |       ||     5
       Dagger            |    30 |   109 |    11 ||   150
       War axe           |       |       |    22 ||    22
Throw: Dart              |       |     6 |    13 ||    19
       Boomerang         |       |       |     2 ||     2
 Cast: Sandblast         |    40 |    64 |     2 ||   106
       Stone Arrow       |       |    41 |    65 ||   106
       Petrify           |       |       |     1 ||     1
  Use: Scroll            |     4 |     5 |     4 ||    13
       Potion            |       |       |     1 ||     1
 Stab: Sleeping          |       |     1 |       ||     1
       Petrified         |       |       |     6 ||     6
Armor: Robe              |    20 |    29 |    30 ||    79
Dodge: Dodged            |    28 |    66 |    47 ||   141

Table legend: (Time is in decaauts)
 A = Elapsed time spent in this place.
 B = Non-inter-level travel time spent in this place.
 C = Inter-level travel time spent in this place.
 D = Time resting spent in this place.
 E = Time spent auto-exploring this place.
 F = Levels seen in this place.
 G = Mean time per level.
                   A        B        C        D        E       F      G
               +--------+--------+--------+--------+--------+-----+--------+
         Total |   7947 |   7782 |    165 |   2548 |   3350 |  10 |  794.7 |
       Dungeon |   5954 |   5789 |    165 |   1673 |   2802 |   8 |  744.2 |
         Sewer |   1010 |   1010 |      0 |    137 |    544 |   1 | 1010.0 |
       Ossuary |    982 |    982 |      0 |    738 |      4 |   1 |  982.0 |
               +--------+--------+--------+--------+--------+-----+--------+

Top non-repeatable levels by time:
     D:4: 1749 daAuts
     D:2: 1515 daAuts
     D:1: 1138 daAuts
   Sewer: 1010 daAuts
 Ossuary: 982 daAuts
     D:3: 648 daAuts
     D:7: 476 daAuts
     D:5: 302 daAuts
     D:6: 121 daAuts
     D:8: 1 daAuts
